 Dungeon Crawl Stone Soup version 0.18.1-48-g4cf74bf (webtiles) character file.

488 Mesmaeker13 the Skirmisher (level 7, 0/75 HPs)
             Began as an Ogre Hunter on Aug 3, 2016.
             Killed from afar by an orc wizard (7 damage)
             ... with a puff of flame
             ... on level 4 of the Dungeon.
             The game lasted 00:11:10 (4590 turns).

Mesmaeker13 the Skirmisher (Ogre Hunter)            Turns: 4590, Time: 00:11:11

Health: 0/75       AC:  4    Str: 16 (18) XL:     7   Next: 13%
Magic:  7/7        EV: 11    Int:  8 (10) God:
Gold:   205        SH:  0    Dex: 11 (12) Spells: 0 memorised, 6 levels left

rFire  . . .     SeeInvis .     A - +0 flail (holy)
rCold  . . .     Gourm    .     b - +0 robe
rNeg   . . .     Faith    .     (no shield)
rPois  .         Spirit   .     (helmet restricted)
rElec  .         Dismiss  .     q - +0 cloak
rCorr  .         Reflect  .     (gloves unavailable)
SustAt .         Harm     .     (boots unavailable)
MR     .....                    (no amulet)
Stlth  +.........               (no ring)
                                (no ring)

@: confused, very slightly contaminated, hasted, very quick, not resistant to
hostile enchantments, very unstealthy
A: unfitting armour, tough skin 1
a: no special abilities


You were on level 4 of the Dungeon.
You were not hungry.

You visited 1 branch of the dungeon, and saw 4 of its levels.

You collected 205 gold pieces.

Inventory:

Hand Weapons
 t - a +1 whip of electrocution
 z - a +0 blowgun
 A - a +0 flail of holy wrath (weapon)
Missiles
 c - 5 large rocks (quivered)
 d - 2 throwing nets
 o - 47 poisoned needles
Armour
 b - a +0 robe (worn)
 q - a +0 cloak (worn)
Scrolls
 g - 2 scrolls of remove curse
 h - a scroll of fear {unknown}
 j - a scroll of magic mapping {unknown}
 k - a scroll of noise {unknown}
 r - 4 scrolls of enchant weapon
 y - a scroll of fog {unknown}
Potions
 a - a potion of flight {unknown}
 e - a potion of degeneration
 i - a potion of cure mutation {unknown}
 u - a potion of lignification
Comestibles
 f - a bread ration
 l - a meat ration
 n - a slice of pizza
 v - 7 fruits
 x - 2 beef jerkies


   Skills:
 + Level 6.0 Fighting
 + Level 4.4 Maces & Flails
 - Level 4.7 Throwing
 + Level 3.9 Dodging
 - Level 0.7 Stealth


You had 6 spell levels left.
You didn't know any spells.

Dungeon Overview and Level Annotations

Branches:
Dungeon (4/15)
 Temple: D:4-7

Altars:


Innate Abilities, Weirdness & Mutations

You are too large for most types of armour.
You have tough skin (AC +1).


Message History

You are very lightly contaminated with residual magic.
As you read the scroll of blinking, it crumbles to dust.
Drink which item? (? for menu, Esc to quit)
You feel yourself speed up. The orc wizard casts a spell at you.
The magic dart hits you!
* * * LOW HITPOINT WARNING * * *
Found a meat ration.
Drink which item? (? for menu, Esc to quit)
It was a potion of degeneration.
There was something very wrong with that liquid.
You feel weakened.
You feel dopey.
You feel clumsy.
Found 13 poisoned needles.
The orc wizard gestures at you while chanting.
You are confused.
You bump into the rock wall.
You bump into the rock wall.
The orc wizard gestures at you while chanting.
The puff of flame hits you!
You die...

......#............
......####.........
................[..
.>................
#..#..........(.#.
##.(#..............
#.%.#.....#..#..#.#
#.......###)....#..
#.@....####.....# #
#.....####......#
#...#.###.(.....#
##.##......#....#
#.###.........##
#.##.$...).....###
#....#..).........
#o.#............#.
###o...##........≈≈≈


You could see an orc wizard.

Vanquished Creatures
  A sky beast (D:3)
  A howler monkey (D:3)
  2 orc priests
  3 orc wizards (D:3)
  2 hound skeletons (D:4)
  6 adders
  3 gnolls (D:4)
  A worm (D:3)
  A dart slug (D:3)
  14 orcs
  A ball python (D:3)
  5 bats
  4 giant cockroaches
  9 goblins
  6 hobgoblins
  9 jackals (D:2)
  11 kobolds
  3 quokkas
  2 giant newts
  11 rats
95 creatures vanquished.

Notes
Turn   | Place    | Note
--------------------------------------------------------------
     0 | D:1      | Mesmaeker13 the Ogre Hunter began the quest for the Orb.
     0 | D:1      | Reached XP level 1. HP: 22/22 MP: 1/1
   122 | D:1      | Reached skill level 3 in Fighting
   366 | D:1      | Reached XP level 2. HP: 29/31 MP: 2/2
  1065 | D:2      | Reached XP level 3. HP: 34/39 MP: 3/3
  1114 | D:2      | Reached skill level 1 in Maces & Flails
  1529 | D:2      | Reached skill level 4 in Fighting
  1638 | D:2      | Reached XP level 4. HP: 47/48 MP: 4/4
  2337 | D:3      | Noticed a sky beast
  2348 | D:3      | HP: 1/48 [sky beast (6)]
  2358 | D:3      | Killed a sky beast
  2358 | D:3      | Reached XP level 5. HP: 2/55 MP: 5/5
  2727 | D:3      | Reached skill level 5 in Fighting
  3141 | D:3      | Reached XP level 6. HP: 66/66 MP: 6/6
  4125 | D:3      | Reached XP level 7. HP: 39/74 MP: 7/7
  4405 | D:4      | Reached skill level 6 in Fighting
  4590 | D:4      | Killed from afar by an orc wizard

Skill      XL: |  1  2  3  4  5  6  7 |
---------------+----------------------+-----
Fighting       | 3 4 5 6 |  6.0
Maces & Flails | 1 3 4 |  4.4
Dodging        | 2 3 |  3.9
Throwing       | |  4.7
Stealth        | |  0.7

Action                   |  1- 3 |  4- 6 |  7- 9 || total
-------------------------+-------+-------+-------++-------
Melee: Short sword       |    57 |       |       ||    57
       Mace              |    58 |   108 |       ||   166
       Flail             |       |    86 |    45 ||   131
Throw: Large rock        |    11 |    12 |       ||    23
       Throwing net      |       |     2 |       ||     2
  Use: Potion            |       |     7 |     2 ||     9
       Scroll            |       |     4 |     3 ||     7
 Stab: Sleeping          |     1 |     2 |       ||     3
  Eat: Chunk             |     2 |     7 |     2 ||    11
       Pizza             |       |     1 |       ||     1
Armor: Robe              |    74 |    59 |     9 ||   142
       Skin              |       |     3 |       ||     3
Dodge: Dodged            |    93 |   130 |    27 ||   250
